 Dungeon Crawl Stone Soup version 0.19.3 (webtiles) character file.

14 Jynx the Firebug (level 2, 0/19 HPs)
             Began as a Demonspawn Fire Elementalist on Jan 22, 2017.
             Succumbed to a kobold's poison
             ... on level 1 of the Dungeon.
             The game lasted 00:02:05 (869 turns).

Jynx the Firebug (Demonspawn Fire Elementalist)      Turns: 869, Time: 00:02:05

Health: 0/19       AC:  1    Str:  8    XL:     2   Next: 27%
Magic:  5/5        EV: 12    Int: 16    God:
Gold:   0          SH:  0    Dex: 13    Spells: 1 memorised, 4 levels left

rFire  . . .     SeeInvis .     e - +0 spear (curse)
rCold  . . .     Gourm    .     a - +0 robe
rNeg   . . .     Faith    .     (no shield)
rPois  .         Spirit   .     (no helmet)
rElec  .         Reflect  .     (no cloak)
rCorr  .         Harm     .     (no gloves)
MR     .....                    (no boots)
Stlth  ++........               (no amulet)
                                (no ring)
                                i - -3 ring of protection (curse)

@: lethally poisoned (0 -> -7)
A: fangs 1, molten scales 1
a: no special abilities


You were on level 1 of the Dungeon.
You were not hungry.

You visited 1 branch of the dungeon, and saw 1 of its levels.

Inventory:

Hand Weapons
 e - a cursed +0 spear (weapon)
Armour
 a - a +0 robe (worn)
 k - a +0 cloak
Jewellery
 d - a +4 ring of protection
 i - a cursed -3 ring of protection (left hand)
Scrolls
 m - a scroll of random uselessness {unknown}
Potions
 f - 2 potions of haste
 g - a potion of mutation
Books
 b - a book of Flames

   Spells                             Type                      Level
   a - Flame Tongue                   Conjuration/Fire             1
   b - Throw Flame                    Conjuration/Fire             2
   c - Conjure Flame                  Conjuration/Fire             3
   d - Inner Flame                    Hexes/Fire                   3
   e - Sticky Flame                   Conjuration/Fire             4
   f - Fireball                       Conjuration/Fire             5
Comestibles
 c - a bread ration
 h - 2 meat rations
 j - a chunk of flesh


   Skills:
 + Level 1.9 Dodging
 - Level 1.7 Stealth
 + Level 2.0 Spellcasting
 + Level 1.4 Conjurations
 * Level 3.1 Fire Magic


You had 4 spell levels left.
You knew the following spells:

 Your Spells              Type           Power        Failure   Level  Hunger
a - Flame Tongue          Conj/Fire      #....        10%         1    #......


Dungeon Overview and Level Annotations

Branches:
Dungeon (1/15)

Altars:


Innate Abilities, Weirdness & Mutations

You are partially covered in molten scales. (AC +2)
You have very sharp teeth.


Message History

It was a potion of cure mutation.
It has a very clean taste.
Your thinking seems confused.
The horns on your head shrink away.
You feel sick.
There is a lethal amount of poison in your body!
There is a lethal amount of poison in your body!
You feel sick.
You feel sick.
* * * LOW HITPOINT WARNING * * *
You feel sick.
* * * LOW HITPOINT WARNING * * *
You feel sick.
* * * LOW HITPOINT WARNING * * *
You feel sick.
* * * LOW HITPOINT WARNING * * *
You feel sick.
* * * LOW HITPOINT WARNING * * *
You feel sick.
* * * LOW HITPOINT WARNING * * *
You feel sick.
You die...

#......#####.#........#.#.......#
.............#............##.##..
################'##.##.##.#...#..
*,,,,,,*** #.##.#...#..[.....
##*,**,,,,,* #.##.........†.#..
≈#,,,,,,,,,* #.##.#...#.##.##..
≈#,,*,,,,,,* #....##..#........
≈#,,*,,,,,,*####.#.........#..##.
≈#,,*,,,,,,*#...@###.##.##.#...#.
≈#,,*,,,,,,*#.##)# #.#...........
≈#,,*,*+****#,*#.# #.......#...#.
≈#,,*,*,* *,*### #.#...#.##.##.
##,,*,*,* *,* #.##(##.......
.,,,*,*,* *,* #.......).....
...,*,,,* *,* ##############
###,***** *,* *,* *,*


There were no monsters in sight!

Vanquished Creatures
  A ball python (D:1)
  3 bats (D:1)
  A giant cockroach (D:1)
  2 hobgoblins (D:1)
  2 kobolds (D:1)
  A frilled lizard (D:1)
  3 rats (D:1)
13 creatures vanquished.

Notes
Turn   | Place    | Note
-------+----------+-------------------------------------------
     0 | D:1      | Jynx the Demonspawn Fire Elementalist began the quest for the Orb.
     0 | D:1      | Reached XP level 1. HP: 13/13 MP: 3/3
   538 | D:1      | Reached skill level 3 in Fire Magic
   612 | D:1      | Gained mutation: You are partially covered in molten scales. (AC +2) [demonic ancestry]
   612 | D:1      | Reached XP level 2. HP: 19/19 MP: 5/5
   856 | D:1      | Gained mutation: You have very sharp teeth. [potion of mutation]
   856 | D:1      | Gained mutation: You have a pair of small horns on your head. [potion of mutation]
   856 | D:1      | Gained mutation: You possess an exceptional clarity of mind. [potion of mutation]
   857 | D:1      | Lost mutation: You possess an exceptional clarity of mind. [potion of cure mutation]
   857 | D:1      | Lost mutation: You have a pair of small horns on your head. [potion of cure mutation]
   869 | D:1      | Succumbed to a kobold's poison

Skill      XL: |  1 |
---------------+----+-----
Fire Magic     | 3 |  3.1
Dodging        | |  1.9
Stealth        | |  1.7
Spellcasting   | |  2.0
Conjurations   | |  1.4

Action                   || total
-------------------------++-------
Melee: Spear             ||    40
 Cast: Flame Tongue      ||     4
  Use: Scroll            ||     2
       Potion            ||     2
 Stab: Sleeping          ||     2
Armor: Robe              ||    10
Dodge: Dodged            ||    28
